1964 views
Uploaded 2023-08-08 23:43:37
Game version 1.36 (6115)
45:48 long 1on1 ladder game on (2)AutumnLeaves_S2_v2.0
Saved by GIGA
1964 views
Uploaded 2023-08-08 23:43:37
Game version 1.36 (6115)
45:48 long 1on1 ladder game on (2)AutumnLeaves_S2_v2.0

36 units @ 6k
/ 0.9k
41 buildings @ 6.7k
/ 2.3k


| Rod of Necromancy | 4 | 600 |
| Ritual Dagger | 2 | 250 |
| Potion of Healing | 4 | 600 |
| Orb of Corruption | 1 | 375 |
| Dust of Appearance | 1 | 75 |
| Scroll of Town Portal | 1 | 350 |
| total: | 13 | 2250g |
| Acolyte | 8 | 600 | / | 0 |
| Ghoul | 10 | 1200 | / | 0 |
| Crypt Fiend | 11 | 2365 | / | 440 |
| Meat Wagon | 3 | 690 | / | 150 |
| Obsidian Statue | 2 | 400 | / | 70 |
| Frost Wyrm | 2 | 770 | / | 240 |
| total: | 36 | 6025g | / | 900w |
| Nerubian Tower | 3 | 300 | / | 60 |
| Spirit Tower | 4 | 580 | / | 160 |
| Crypt | 4 | 800 | / | 200 |
| Altar of Darkness | 4 | 720 | / | 200 |
| Ziggurat | 18 | 2700 | / | 900 |
| Tomb of Relics | 5 | 650 | / | 150 |
| Graveyard | 2 | 430 | / | 0 |
| Necropolis | 3 | 675 | / | 0 |
| Slaughterhouse | 3 | 420 | / | 405 |
| Boneyard | 2 | 350 | / | 400 |
| Halls of the Dead | 2 | 640 | / | 420 |
| Black Citadel | 2 | 650 | / | 460 |
| total: | 41 | 6745g | / | 2255w |
| 0:03 | Acolyte |
| 0:04 | Crypt |
| 0:08 | Altar of Darkness |
| 0:24 | Ziggurat |
| 0:33 | Acolyte |
| 0:57 | Tomb of Relics |
| 1:10 | Ghoul |
| 1:19 | Ghoul |
| 1:36 | Ghoul |
| 2:07 | Graveyard |
| 2:11 | Rod of Necromancy |
| 2:15 | Death Coil |
| 2:19 | Ziggurat |
| 3:15 | Unholy Aura |
| 3:28 | Nerubian Tower |
| 3:32 | Crypt Fiend |
| 4:05 | Crypt Fiend |
| 4:14 | Halls of the Dead |
| 4:31 | Crypt Fiend |
| 4:47 | Ziggurat |
| 5:09 | Crypt Fiend |
| 5:48 | Rod of Necromancy |
| 5:48 | Ritual Dagger |
| 6:35 | Potion of Healing |
| 6:55 | Crypt Fiend |
| 7:26 | Slaughterhouse |
| 7:51 | Frost Nova |
| 8:31 | Ziggurat |
| 8:50 | Burrow |
| 9:17 | Creature Carapace |
| 9:24 | Meat Wagon |
| 9:26 | Altar of Darkness |
| 9:48 | Tomb of Relics |
| 10:04 | Meat Wagon |
| 10:15 | Acolyte |
| 11:05 | Crypt Fiend |
| 12:44 | Dust of Appearance |
| 13:57 | Potion of Healing |
| 14:02 | Frost Armor |
| 14:37 | Death Coil |
| 14:46 | Ghoul |
| 14:46 | Ghoul |
| 14:46 | Ghoul |
| 14:50 | Obsidian Statue |
| 15:31 | Ziggurat |
| 15:47 | Ghoul |
| 16:35 | Crypt |
| 16:43 | Backpack |
| 17:23 | Slaughterhouse |
| 18:05 | Black Citadel |
| 18:30 | Obsidian Statue |
| 18:42 | Potion of Healing |
| 19:18 | Meat Wagon |
| 19:57 | Spirit Tower |
| 20:40 | Potion of Healing |
| 21:33 | Ziggurat |
| 22:06 | Ziggurat |
| 22:27 | Rod of Necromancy |
| 22:40 | Necropolis |
| 23:01 | Frost Nova |
| 25:21 | Ziggurat |
| 25:21 | Ziggurat |
| 25:21 | Ziggurat |
| 25:32 | Crypt |
| 25:40 | Graveyard |
| 25:41 | Crypt |
| 26:47 | Ghoul |
| 26:58 | Unholy Aura |
| 27:20 | Ghoul |
| 27:36 | Tomb of Relics |
| 27:42 | Ghoul |
| 27:51 | Ziggurat |
| 27:57 | Ziggurat |
| 28:01 | Tomb of Relics |
| 28:40 | Ziggurat |
| 29:12 | Dark Ritual |
| 29:35 | Ziggurat |
| 29:36 | Ziggurat |
| 29:47 | Spirit Tower |
| 29:47 | Nerubian Tower |
| 30:06 | Necropolis |
| 30:58 | Crypt Fiend |
| 31:57 | Rod of Necromancy |
| 31:58 | Ritual Dagger |
| 32:15 | Altar of Darkness |
| 32:48 | Frost Nova |
| 33:05 | Crypt Fiend |
| 33:08 | Halls of the Dead |
| 34:38 | Crypt Fiend |
| 35:00 | Necropolis |
| 35:46 | Web |
| 36:02 | Crypt Fiend |
| 36:12 | Death Coil |
| 36:28 | Altar of Darkness |
| 37:15 | Slaughterhouse |
| 38:15 | Crypt Fiend |
| 38:19 | Black Citadel |
| 38:35 | Acolyte |
| 38:35 | Acolyte |
| 38:35 | Acolyte |
| 38:36 | Acolyte |
| 38:36 | Acolyte |
| 38:46 | Creature Attack |
| 38:46 | Improved Creature Carapace |
| 39:15 | Ziggurat |
| 39:17 | Ziggurat |
| 39:17 | Ziggurat |
| 39:44 | Tomb of Relics |
| 39:49 | Improved Creature Attack |
| 40:10 | Nerubian Tower |
| 40:11 | Spirit Tower |
| 40:14 | Spirit Tower |
| 41:23 | Scroll of Town Portal |
| 42:16 | Boneyard |
| 42:17 | Boneyard |
| 43:01 | Frost Armor |
| 43:33 | Frost Wyrm |
| 43:36 | Orb of Corruption |
| 44:24 | Destroyer Form |
| 45:19 | Frost Wyrm |
| Right click | 2615 |
| Select | 1033 |
| Select group | 702 |
| Misc. action | 464 |
| Build/train/purchase | 212 |
| Chat | 106 |
| Use ability | 95 |
| Assign group | 57 |
| Item give/drop | 9 |
| Remove unit | 1 |
65 units @ 9.5k
/ 1.4k
47 buildings @ 6.7k
/ 3.8k


| Healing Salve | 8 | 800 |
| Lesser Clarity Potion | 9 | 630 |
| Potion of Mana | 2 | 400 |
| Tiny Great Hall | 1 | 600 |
| total: | 20 | 2430g |
| Peon | 21 | 1575 | / | 0 |
| Grunt | 7 | 1400 | / | 0 |
| Demolisher | 14 | 3080 | / | 700 |
| Troll Headhunter | 10 | 1400 | / | 200 |
| Troll Batrider | 13 | 2080 | / | 520 |
| total: | 65 | 9535g | / | 1420w |
| Watch Tower | 30 | 3300 | / | 2400 |
| Altar of Storms | 1 | 180 | / | 50 |
| Orc Burrow | 5 | 800 | / | 200 |
| Barracks | 2 | 360 | / | 100 |
| Voodoo Lounge | 2 | 260 | / | 60 |
| War Mill | 1 | 205 | / | 0 |
| Great Hall | 3 | 1155 | / | 555 |
| Beastiary | 3 | 435 | / | 420 |
| Stronghold | 1 | 315 | / | 190 |
| Fortress | 1 | 325 | / | 190 |
| total: | 47 | 6695g | / | 3785w |
| 0:03 | Peon |
| 0:03 | Peon |
| 0:06 | Altar of Storms |
| 0:13 | Orc Burrow |
| 0:29 | Barracks |
| 0:34 | Peon |
| 0:51 | Peon |
| 1:03 | Peon |
| 1:12 | Peon |
| 1:32 | Grunt |
| 1:36 | Peon |
| 2:10 | Stronghold |
| 2:14 | Wind Walk |
| 2:26 | Orc Burrow |
| 2:33 | Voodoo Lounge |
| 3:09 | Critical Strike |
| 3:21 | Grunt |
| 3:27 | Orc Burrow |
| 3:39 | Healing Salve |
| 3:39 | Lesser Clarity Potion |
| 3:45 | Lesser Clarity Potion |
| 3:47 | Grunt |
| 4:18 | Grunt |
| 4:35 | War Mill |
| 4:47 | Healing Salve |
| 4:48 | Lesser Clarity Potion |
| 4:54 | Grunt |
| 5:34 | Summon Lava Spawn |
| 5:49 | Watch Tower |
| 5:53 | Watch Tower |
| 6:45 | Watch Tower |
| 6:54 | Voodoo Lounge |
| 7:01 | Watch Tower |
| 7:29 | Grunt |
| 7:45 | Watch Tower |
| 7:48 | Watch Tower |
| 8:05 | Healing Salve |
| 8:13 | Watch Tower |
| 8:22 | Grunt |
| 8:27 | Watch Tower |
| 8:28 | Watch Tower |
| 8:50 | Watch Tower |
| 8:51 | Watch Tower |
| 8:55 | Watch Tower |
| 9:08 | Demolisher |
| 9:49 | Demolisher |
| 9:55 | Barracks |
| 9:58 | Orc Burrow |
| 10:19 | Watch Tower |
| 10:43 | Healing Salve |
| 10:58 | Demolisher |
| 11:24 | Demolisher |
| 12:50 | Demolisher |
| 12:56 | Peon |
| 12:56 | Peon |
| 12:56 | Peon |
| 13:38 | Watch Tower |
| 14:18 | Demolisher |
| 14:18 | Demolisher |
| 14:52 | Watch Tower |
| 14:53 | Watch Tower |
| 14:55 | Watch Tower |
| 15:02 | Watch Tower |
| 15:15 | Healing Salve |
| 15:22 | Lesser Clarity Potion |
| 15:23 | Potion of Mana |
| 15:28 | Potion of Mana |
| 15:28 | Lesser Clarity Potion |
| 16:39 | Demolisher |
| 17:08 | Watch Tower |
| 17:09 | Watch Tower |
| 18:54 | Demolisher |
| 18:54 | Demolisher |
| 19:14 | Peon |
| 19:14 | Peon |
| 19:15 | Peon |
| 19:18 | Soul Burn |
| 21:37 | Demolisher |
| 21:37 | Demolisher |
| 22:12 | Healing Salve |
| 22:12 | Lesser Clarity Potion |
| 22:15 | Wind Walk |
| 22:54 | Great Hall |
| 23:02 | Watch Tower |
| 23:02 | Watch Tower |
| 24:31 | Watch Tower |
| 24:48 | Orc Burrow |
| 25:27 | Healing Salve |
| 25:28 | Lesser Clarity Potion |
| 25:35 | Great Hall |
| 27:58 | Peon |
| 27:58 | Peon |
| 27:58 | Peon |
| 28:09 | Troll Headhunter |
| 28:12 | Troll Headhunter |
| 28:51 | Watch Tower |
| 29:04 | Troll Headhunter |
| 29:36 | Critical Strike |
| 29:44 | Troll Headhunter |
| 29:47 | Steel Ranged Weapons |
| 30:09 | Watch Tower |
| 30:11 | Watch Tower |
| 30:12 | Watch Tower |
| 30:54 | Fortress |
| 31:20 | Beastiary |
| 32:17 | Troll Headhunter |
| 32:18 | Troll Headhunter |
| 32:18 | Troll Headhunter |
| 32:18 | Troll Headhunter |
| 32:30 | Troll Headhunter |
| 32:30 | Troll Headhunter |
| 32:57 | Troll Batrider |
| 32:57 | Troll Batrider |
| 33:35 | Healing Salve |
| 33:41 | Lesser Clarity Potion |
| 34:34 | Tiny Great Hall |
| 34:38 | Berserker Upgrade |
| 35:59 | Troll Batrider |
| 35:59 | Troll Batrider |
| 36:00 | Troll Batrider |
| 36:39 | Beastiary |
| 36:41 | Watch Tower |
| 36:43 | Watch Tower |
| 36:46 | Watch Tower |
| 37:59 | Peon |
| 37:59 | Peon |
| 37:59 | Peon |
| 38:00 | Peon |
| 38:42 | Troll Batrider |
| 38:42 | Troll Batrider |
| 39:05 | Beastiary |
| 39:11 | Great Hall |
| 40:03 | Peon |
| 40:06 | Demolisher |
| 40:14 | Liquid Fire |
| 40:28 | Lesser Clarity Potion |
| 40:36 | Troll Batrider |
| 40:41 | Thorium Ranged Weapons |
| 41:29 | Troll Batrider |
| 41:30 | Troll Batrider |
| 41:35 | Troll Batrider |
| 42:01 | Troll Batrider |
| 42:21 | Demolisher |
| 42:41 | Troll Batrider |
| 44:46 | Critical Strike |
| Right click | 3035 |
| Select | 718 |
| Select group | 496 |
| Chat | 185 |
| Build/train/purchase | 184 |
| Misc. action | 60 |
| Assign group | 50 |
| Use ability | 38 |
| Esc | 14 |
| Item give/drop | 3 |
| Remove unit | 1 |